 Dungeon Crawl Stone Soup version 0.30.1-9-gdf580d7c3d (webtiles) character file.

Game seed: 4296275487419934339

13731 boopmooplesden the Carver (level 11, -1/97 HPs)
             Began as a Black Draconian Berserker on Oct 17, 2023.
             Was an Elder of Trog.
             Slain by turdburglar's ghost (4 damage)
             ... on level 11 of the Dungeon.
             The game lasted 00:23:32 (11699 turns).

boopmooplesden the Carver (DrBe)                   Turns: 11699, Time: 00:23:33

Health: -1/97      AC: 14    Str: 22    XL:     11   Next: 79%
Magic:  3/3        EV: 21    Int:  7    God:    Trog [****..]
Gold:   420        SH:  5    Dex: 15    Spells: 10/10 levels left

rFire   . . .        L - +4 long sword (antimagic)
rCold   + + +        K - orb "Trusted Companion" {light, Contam rC+++ rN+++ Dex+2}
rNeg    + + +        (body armour unavailable)
rPois   +            (helmet restricted)
rElec   +            J - +2 cloak {rPois}
rCorr   .            q - +2 pair of gloves
SInv    +            n - +0 pair of boots
Will    .....        m - amulet of reflection
Stlth   +            l - ring of see invisible
HPRegen 0.36/turn    v - +5 ring of evasion
MPRegen 0.08/turn

%: reflection
@: lethally poisoned (-1 -> -9), on berserk cooldown, slowed, glowing, very slow
A: breathe lightning, AC +7, unfitting armour, electricity resistance,
cold-blooded
a: Breathe Lightning, Renounce Religion, Berserk, Trog's Hand, Brothers in Arms


You were on level 11 of the Dungeon.
You worshipped Trog.
Trog was greatly pleased with you.
You visited 1 branch of the dungeon, and saw 11 of its levels.
You also visited: Bailey.

You collected 854 gold pieces.
You spent 434 gold pieces at shops.

Inventory:

Hand Weapons
 a - a +1 falchion
 b - a +0 sling
 j - the +6 spear of Toriynn {venom, rPois rF- rCorr}
   (You took it off a goblin on level 8 of the Dungeon)

   rF:        It makes you vulnerable to fire.
   rPois:     It protects you from poison.
   rCorr:     It protects you from acid and corrosion.
 k - a +2 scimitar
 s - a +1 trident of flaming
 L - a +4 antimagic long sword (weapon)
Missiles
 o - 30 boomerangs
 M - a throwing net
Armour
 c - a +3 buckler
 n - a +0 pair of boots (worn)
 q - a +2 pair of gloves (worn)
 J - a +2 cloak of poison resistance (worn)
 K - the orb "Trusted Companion" (worn) {light, Contam rC+++ rN+++ Dex+2}
   (You bought it in a shop on level 9 of the Dungeon)

   Dex:       It affects your dexterity (+2).
   rC:        It renders you almost immune to cold.
   rN:        It renders you almost immune to negative energy.
   Contam:    It causes magical contamination when unequipped.
Jewellery
 g - a +6 ring of dexterity
 l - a ring of see invisible (left hand)
 m - an amulet of reflection (around neck)
 u - a ring of fire
 v - a +5 ring of evasion (right hand)
 x - an amulet of magic regeneration
 y - a ring of fire
 C - a ring of flight
 E - a ring of magical power
 P - a ring of ice
Wands
 r - a wand of charming (11)
 H - a wand of polymorph (1)
 I - a wand of flame (9)
 N - a wand of mindburst (5)
Scrolls
 d - a scroll of fear
 f - 6 scrolls of teleportation
 A - a scroll of blinking
 Q - 3 scrolls of poison
Potions
 e - 2 potions of might
 h - 2 potions of haste
 i - 8 potions of flight
 p - 4 potions of curing
 t - a potion of lignification
 w - 2 potions of resistance
 z - 2 potions of ambrosia
 D - a potion of heal wounds
 F - 4 potions of attraction
 G - a potion of magic
Miscellaneous
 B - a piece from Xom's chessboard (15/15)
 O - a box of beasts


   Skills:
 + Level 9.3 Fighting
 + Level 12.3 Long Blades
 + Level 1.1 Polearms
 + Level 3.5 Ranged Weapons
 + Level 8.6 Dodging
 + Level 2.9 Stealth
 + Level 7.6 Shields
 + Level 0.2 Evocations


You had 10 spell levels left.
You didn't know any spells.
Your spell library was empty.

Dungeon Overview and Level Annotations

Branches:
Dungeon (11/15)            Temple (0/1) D:6            Lair (0/5) D:11
    Orc (0/2) D:11         Bailey (visited)

Altars:
Ashenzari
Cheibriados
Fedhas
Hepliaklqana
Kikubaaqudgha
Okawaru
Qazlal
Ru
Vehumet
Xom
Zin

Shops:
D:9 [

Annotations:
D:11 1 transporter, turdburglar's ghost, journeyman OgGl


Innate Abilities, Weirdness & Mutations

You can breathe wild blasts of lightning.
Your glossy black scales are hard. (AC +7)
You cannot fit into any form of body armour.
You are resistant to electric shocks. (rElec)
You are cold-blooded and may be slowed by cold attacks.


Message History

The killer bee misses you. Turdburglar's ghost misses you.
The killer bee closely misses you.
You miss turdburglar's ghost.
Turdburglar's ghost is severely damaged.
The killer bee barely misses you. The killer bee stings you.
Turdburglar's ghost hits you.
You slice turdburglar's ghost!!
Your tail-slap misses turdburglar's ghost.
Turdburglar's ghost is almost destroyed.
The killer bee barely misses you. The killer bee completely misses you.
You hit turdburglar's ghost but do no damage.
Turdburglar's ghost is almost destroyed.
The killer bee completely misses you. Turdburglar's ghost barely misses you.
You barely miss turdburglar's ghost.
Turdburglar's ghost is almost destroyed.
The killer bee closely misses you.
You closely miss turdburglar's ghost. You tail-slap turdburglar's ghost.
Turdburglar's ghost is almost destroyed.
You block the killer bee's attack.
The killer bee rages.
The killer bee closely misses you. Turdburglar's ghost hits you!!
You barely miss turdburglar's ghost.
Turdburglar's ghost is almost destroyed.
The killer bee closely misses you.
You slash turdburglar's ghost!
You tail-slap turdburglar's ghost, but do no damage.
Turdburglar's ghost is almost destroyed.
You are no longer berserk.
You are exhausted.
You feel yourself slow down.
The killer bee stings you but does no damage.
The killer bee closely misses you. Turdburglar's ghost hits you!!
* * * LOW HITPOINT WARNING * * *
Your ogre goes berserk!
The killer bee stings you!
* * * LOW HITPOINT WARNING * * *
You are lethally poisoned!
The killer bee poisons you! You block the killer bee's attack. x2
The killer bee barely misses you. Turdburglar's ghost hits you.
You die...

#......# ####......###
#...........#
##.........#.##
##..###.###....#
#..#########...#
#.###.###.###..#
#.##..O#...##..#
#.####@###.##..#
#.##yWy#...##..#
#.#.#y#y#.#(#..# ########
##.#.y#...#.[#..#
#......###.©#©.#.#.#.y#©.#
#...........#..#...#.y#.##
#.####.####.#.#.#.#.#$#.#
#.# #.# #.##...#.!.##.#
#.# #.# #.##.#.#.#.##.#


You could see 5 killer bees, turdburglar's ghost and a friendly ogre (summoned,
berserk).

Vanquished Creatures
  Harold (D:10)
  Fannar (D:11)
  2 two-headed ogres
  2 boulder beetles (D:11)
  The ghost of laqueoix the Cleaver, a novice HOFi (D:7)
  Sonja (D:10)
  An orc knight (D:11)
  2 cyclopes (D:11)
  A gargoyle (D:11)
  A kobold demonologist (D:8)
  A queen bee (D:11)
  3 shadows
  A water elemental (D:11)
  10 yaks
  Grum (D:11)
  Menkaure (D:6)
  2 acid dragons
  A water moccasin (D:7)
  2 ice beasts (D:7)
  A sky beast (D:7)
  8 orc warriors
  A black bear (D:6)
  2 ogres
  2 wolves (D:11)
  3 centaurs
  A phantom (D:5)
  7 kobold brigands
  A gnoll sergeant (D:10)
  3 bullfrogs
  2 scorpions
  5 wights (D:8)
  13 killer bees
  5 hounds
  3 jellies (D:6)
  2 orc priests
  3 sleepcaps
  5 iguanas
  10 orc wizards
  5 adders
  4 gnolls
  3 shadow imps
  An ufetubus (D:6)
  A worm (D:3)
  3 dart slugs
  27 orcs
  10 ball pythons
  5 bats
  3 endoplasms (D:1)
  5 giant cockroaches
  13 hobgoblins
  13 jackals
  56 kobolds
  5 quokkas
  4 frilled lizards (D:1)
  16 goblins
  8 kobold skeletons (D:8)
  10 kobold zombies (D:8)
  10 rats
314 creatures vanquished.

Vanquished Creatures (others)
  A kobold brigand (D:8)
  An adder (D:6)
2 creatures vanquished.

Grand Total: 316 creatures vanquished

Notes
Turn   | Place    | Note
-------+----------+-------------------------------------------
     0 | D:1      | boopmooplesden the Draconian Berserker began the quest for
                  | the Orb.
     0 | D:1      | Reached XP level 1. HP: 19/19 MP: 1/1
   175 | D:1      | Reached XP level 2. HP: 18/26 MP: 2/2
   431 | D:1      | Found a faded altar of an unknown god.
   547 | D:1      | Reached ** piety under Trog
   559 | D:1      | Reached XP level 3. HP: 31/31 MP: 3/3
   998 | D:2      | Noticed a scorpion
  1008 | D:2      | Killed a scorpion
  1009 | D:2      | Reached skill level 4 in Long Blades
  1009 | D:2      | Reached XP level 4. HP: 30/40 MP: 4/4
  1406 | D:2      | Reached XP level 5. HP: 46/46 MP: 5/5
  1627 | D:3      | Reached skill level 1 in Ranged Weapons
  1987 | D:3      | Reached *** piety under Trog
  2133 | D:3      | Reached skill level 1 in Shields
  2133 | D:3      | Reached XP level 6. HP: 37/53 MP: 6/6
  2854 | D:5      | Entered Level 5 of the Dungeon
  2863 | D:5      | Found an iron altar of Okawaru.
  2868 | D:5      | Found a broken altar of Ashenzari.
  2877 | D:5      | Found a sacrificial altar of Ru.
  2916 | D:5      | Reached skill level 5 in Long Blades
  2916 | D:5      | Reached skill level 1 in Stealth
  3286 | D:5      | Your scales start taking on a glossy black colour.
  3286 | D:5      | Reached XP level 7. HP: 39/60 MP: 7/7
  3286 | D:5      | Gained mutation: You are resistant to electric shocks.
                  | (rElec) [Black Draconian growth]
  3382 | D:5      | Found a radiant altar of Vehumet.
  4208 | D:6      | Found a hazy altar of Hepliaklqana.
  4304 | D:6      | Found a shimmering altar of Xom.
  4322 | D:6      | Found a snail-covered altar of Cheibriados.
  4325 | D:6      | Noticed Menkaure
  4543 | D:6      | Killed Menkaure
  4544 | D:6      | Reached skill level 5 in Fighting
  4544 | D:6      | Reached skill level 6 in Long Blades
  4743 | D:6      | Found a staircase to the Ecumenical Temple.
  4772 | D:6      | Noticed a shadow
  4792 | D:6      | Killed a shadow
  4793 | D:6      | Reached XP level 8. HP: 68/68 MP: 8/8
  5112 | D:7      | Reached skill level 5 in Dodging
  5136 | D:7      | Reached skill level 7 in Long Blades
  5158 | D:7      | Found a runed translucent gate.
  5159 | D:7      | Found a runed translucent gate.
  5160 | D:7      | Found a runed translucent gate.
  5161 | D:7      | Noticed laqueoix's ghost (novice HOFi)
  5755 | D:7      | Found a glowing silver altar of Zin.
  5870 | D:8      | Identified the +6 spear of Toriynn {venom, rPois rF- rCorr}
  5889 | D:8      | Found a flagged portal.
  6082 | D:8      | Reached XP level 9. HP: 75/75 MP: 9/9
  6108 | Bailey   | Entered a bailey
  6193 | Bailey   | Reached **** piety under Trog
  6194 | Bailey   | Reached skill level 1 in Polearms
  6194 | Bailey   | Reached skill level 5 in Shields
  6920 | D:8      | Reached skill level 8 in Long Blades
  6980 | D:8      | Noticed a kobold demonologist
  6996 | D:8      | Noticed a red devil
  7008 | D:8      | Killed a kobold demonologist
  7100 | D:8      | Found an ancient bone altar of Kikubaaqudgha.
  7215 | D:8      | Reached ***** piety under Trog
  7584 | D:9      | Noticed a two-headed ogre
  7592 | D:9      | Killed a two-headed ogre
  7593 | D:9      | Reached skill level 9 in Long Blades
  7593 | D:9      | Reached XP level 10. HP: 86/86 MP: 10/10
  7701 | D:9      | Found a blossoming altar of Fedhas.
  7742 | D:9      | Reached skill level 10 in Long Blades
  7982 | D:9      | Found Agosyi's Antique Armour Shop.
  7990 | D:9      | Bought a bloodstained orb for 434 gold pieces
  7990 | D:9      | Identified the orb "Trusted Companion" {light, Contam rC+++
                  | rN+++ Dex+2} (You bought it in a shop on level 9 of the
                  | Dungeon)
  8133 | D:9      | Identified a scroll of acquirement
  8133 | D:9      | Acquired a +2 cloak of poison resistance
  8154 | D:10     | Entered Level 10 of the Dungeon
  8440 | D:10     | Received a gift from Trog
  8653 | D:10     | Found a stormy altar of Qazlal.
  8878 | D:10     | Noticed Sonja
  8889 | D:10     | Killed Sonja
  8893 | D:10     | Noticed Harold
  8917 | D:10     | Killed Harold
  8971 | D:10     | Noticed a two-headed ogre
  8983 | D:10     | Killed a two-headed ogre
  8984 | D:10     | Reached skill level 11 in Long Blades
  8984 | D:10     | Reached XP level 11. HP: 67/94 MP: 3/11
  9425 | D:11     | Noticed a boulder beetle
  9497 | D:11     | Killed a boulder beetle
  9822 | D:11     | Noticed an orc knight
  9846 | D:11     | Killed an orc knight
  9984 | D:11     | Noticed a boulder beetle
 10068 | D:11     | Killed a boulder beetle
 10069 | D:11     | Reached skill level 12 in Long Blades
 10362 | D:11     | Noticed Grum
 10377 | D:11     | Killed Grum
 10504 | D:11     | Noticed turdburglar's ghost (journeyman OgGl)
 10506 | D:11     | Found a staircase to the Lair.
 10557 | D:11     | Found a transporter.
 10561 | D:11     | Found a transporter.
 10762 | D:11     | Found a staircase to the Orcish Mines.
 10765 | D:11     | Noticed Fannar
 10782 | D:11     | Killed Fannar
 11339 | D:7      | Killed laqueoix's ghost
 11699 | D:11     | HP: 3/97 [killer bee (12)]
 11699 | D:11     | Slain by turdburglar's ghost

Illustrated notes

Levels and vault maps discovered:
D:1:      saegor_arrival_fortress, layout_basic,
          shapermc_ecumenical_altar_petra, nicolae_titane
D:2:      layout_basic
D:3:      layout_loops_ring, minmay_misc_feat_diagonals, cheibrodos_gnoll_hut
D:4:      layout_cave_pools, dk_vineyard_2
D:5:      layout_basic, nicolae_overflow_hidden_temple,
          minmay_overflow_temple_star_quad
D:6:      layout_rooms, nicolae_hepliaklqana_hazy_memory,
          mainiacjoe_overflow_catch_the_wave, temple_fountains, uniq_menkaure
D:7:      layout_loops_ring, zin_treasury, gammafunk_ghost_split,
          minmay_misc_feat_encased, corexii_leaking_fountain
D:8:      wander_kiku_kobolds, layout_rooms, enter_bailey_5
D:9:      layout_roguey, lemuel_tele_altar, serial_shops, nicolae_square_shop
D:10:     layout_long_grid, nicolae_qazlal_eye_of_the_storm, uniq_harold,
          uniq_sonja
D:11:     cheibrodos_helix_gallery, layout_stronghold, lair_entry_dummy,
          orc_0_dummy, gammafunk_ghost_hive, uniq_grum, uniq_fannar

Skill      XL: |  1  2  3  4  5  6  7  8  9 10 11 |
---------------+----------------------------------+-----
Dodging        | 3 4 5 6 7 8 |  8.6
Fighting       | 4 5 6 7 8 9 |  9.3
Long Blades    | 4 5 6 7 9 11 12 | 12.3
Ranged Weapons | 1 2 3 |  3.5
Shields        | 1 3 4 6 7 |  7.6
Stealth        | 1 2 |  2.9
Polearms       | 1 |  1.1
Evocations     | |  0.2

Action                     |  1- 3 |  4- 6 |  7- 9 | 10-12 || total
---------------------------+-------+-------+-------+-------++-------
  Melee: Falchion          |   108 |   233 |   237 |       ||   578
         Tailslap          |     8 |    33 |    67 |    90 ||   198
         Spear             |       |       |    16 |       ||    16
         Scimitar          |       |       |   230 |   151 ||   381
         Long sword        |       |       |       |   269 ||   269
   Fire: Sling             |    12 |    12 |    41 |       ||    65
 Invoke: Berserk           |     2 |     2 |     8 |     7 ||    19
         Trog's Hand       |       |       |     2 |     2 ||     4
         Brothers in Arms  |       |       |       |     1 ||     1
Ability: Breathe Lightning |       |       |     1 |     2 ||     3
  Evoke: Wand              |       |       |     1 |       ||     1
    Use: Scroll            |       |    12 |    13 |     5 ||    30
         Potion            |       |       |     1 |       ||     1
   Stab: Sleeping          |       |     2 |       |       ||     2
 Armour: Skin              |    48 |   100 |    91 |    80 ||   319
  Dodge: Dodged            |    97 |   191 |   369 |   303 ||   960
  Block: Buckler           |    19 |    49 |   322 |    33 ||   423
         Reflection        |       |       |    24 |     3 ||    27
         Orb               |       |       |       |    83 ||    83
